 Dungeon Crawl Stone Soup version 0.19-a0-1786-g230130f (webtiles) character file.

47 Ijustatesigmund the Magician (level 3, -11/24 HPs)
             Began as a Spriggan Wizard on Oct 3, 2016.
             Killed by divine providence
             ... invoked by an orc priest
              (14 damage)
             ... on level 3 of the Dungeon.
             The game lasted 00:05:48 (2006 turns).

Ijustatesigmund the Magician (Spriggan Wizard)      Turns: 2006, Time: 00:05:49

Health: -11/24     AC:  4    Str:  8    XL:     3   Next: 48%
Magic:  11/11      EV: 18    Int: 21    God:
Gold:   150        SH:  0    Dex: 15    Spells: 5 memorised, 2 levels left

rFire  . . .     SeeInvis +     m - +2 dagger (speed)
rCold  . . .     Gourm    .     a - +0 robe
rNeg   . . .     Faith    .     (shield restricted)
rPois  .         Spirit   .     b - +2 hat
rElec  .         Dismiss  .     (no cloak)
rCorr  .         Reflect  .     (gloves unavailable)
MR     .....     Harm     .     (boots unavailable)
Stlth  ..........               s - amulet of regeneration
                                (no ring)
                                (no ring)

@: berserking, repel missiles, very quick
A: unfitting armour, see invisible, clever 1, herbivore 3, speed 3, slow
metabolism 2
a: no special abilities


You were on level 3 of the Dungeon.
You were not hungry.

You visited 1 branch of the dungeon, and saw 3 of its levels.

You collected 150 gold pieces.

Inventory:

Hand Weapons
 h - a +0 short sword
 m - a +2 dagger of speed (weapon)
Missiles
 j - 6 tomahawks (quivered)
Armour
 a - a +0 robe (worn)
 b - a +2 hat (worn)
Jewellery
 i - an uncursed ring of fire
 s - an amulet of regeneration (around neck)
Wands
 n - a wand of iceblast (5/15)
Scrolls
 g - a scroll of identify
 q - 2 scrolls of remove curse
Potions
 k - 2 potions of agility
 o - a potion of brilliance
Books
 c - a book of Minor Magic

   Spells                             Type                      Level
   a - Magic Dart                     Conjuration                  1
   b - Blink                          Translocation                2
   c - Call Imp                       Summoning                    2
   d - Repel Missiles                 Charms/Air                   2
   e - Slow                           Hexes                        2
   f - Conjure Flame                  Conjuration/Fire             3
   g - Mephitic Cloud                 Conjuration/Poison/Air       3
Comestibles
 d - 5 bread rations
 f - a royal jelly
 l - a slice of pizza


   Skills:
 - Level 3.0 Dodging
 - Level 3.0 Stealth
 + Level 5.7 Spellcasting
 - Level 0.6 Conjurations
   Level 0.7 Summonings
 - Level 1.5 Translocations


You had 2 spell levels left.
You knew the following spells:

 Your Spells              Type           Power        Failure   Level  Hunger
a - Magic Dart            Conj           #...         10%         1    None
b - Blink                 Tloc           N/A          12%         2    None
c - Repel Missiles        Chrm/Air       #.....       17%         2    None
d - Mephitic Cloud        Conj/Pois/Air  #.......     30%         3    ##.....
e - Conjure Flame         Conj/Fire      #.......     30%         3    ##.....


Dungeon Overview and Level Annotations

Branches:
Dungeon (3/15)

Altars:


Innate Abilities, Weirdness & Mutations

You are very small and have problems with some larger weapons.
You are too small for most types of armour.
You have supernaturally acute eyesight. (SInv)
You are a herbivore.
You cover ground extremely quickly.
You need consume almost no food.
Your mind is acute. (Int +2)


Message History

You see here 21 sling bullets.
Found a stone staircase leading up.
d - 5 bread rations (gained 1)
You now have 150 gold pieces (gained 14).
An orc and an orc priest come into view.
An orc comes into view.
The helpless orc priest fails to defend itself.
You puncture the orc priest!
The orc priest is heavily wounded.
The orc priest mumbles some strange prayers to Beogh against you.
Beogh smites you!
Ouch! That really hurt!
* * * LOW HITPOINT WARNING * * *
The orc shouts! x2; You hear a shout!
A red film seems to cover your vision as you go berserk!
You feel yourself moving faster!
You feel mighty!
The orc priest calls down the wrath of Beogh upon you.
Beogh smites you!
Ouch! That really hurt!
You die...

. ## +## .. .. .o####
... #o#....##.. .......
#o..# #.@#
##.############.####.#
<......................
...#.#.###...#.##....#
#.####.#.#.....#.# ..%#
.........#.....#.# ..#
.#####(##.....#.. ##
#.##.....##. #.########
.#


You could see an orc priest and 2 orcs.

Vanquished Creatures
  An ooze (D:1)
  2 worms (D:2)
  A dart slug (D:1)
  A leopard gecko (D:2)
  12 bats
  A giant cockroach (D:2)
  2 goblins
  4 hobgoblins (D:1)
  A ball python (D:2)
  3 frilled lizards
  4 kobolds
  6 rats
38 creatures vanquished.

Notes
Turn   | Place    | Note
-------+----------+-------------------------------------------
     0 | D:1      | Ijustatesigmund the Spriggan Wizard began the quest for the Orb.
     0 | D:1      | Reached XP level 1. HP: 9/9 MP: 6/6
   206 | D:1      | Reached XP level 2. HP: 9/13 MP: 1/8
   280 | D:1      | Learned a level 2 spell: Blink
   283 | D:1      | Learned a level 2 spell: Repel Missiles
   519 | D:1      | Gained mutation: Your mind is acute. (Int +2) [potion of beneficial mutation]
   634 | D:1      | Reached skill level 5 in Spellcasting
  1282 | D:2      | Reached XP level 3. HP: 14/16 MP: 0/10
  1287 | D:2      | Learned a level 3 spell: Mephitic Cloud
  1291 | D:2      | Learned a level 3 spell: Conjure Flame
  2006 | D:3      | Killed from afar by an orc priest

Vault maps used:
D:1:      lightli_arrival_windingriver, minmay_domino_2
D:2:      minmay_misc_feat_encased
D:3:      nicolae_overflow_crystal_walls, first_bread

Skill      XL: |  1  2 |
---------------+-------+-----
Spellcasting   | 5 |  5.7
Dodging        | |  3.0
Stealth        | |  3.0
Conjurations   | |  0.6
Summonings     | |  0.7
Translocations | |  1.5

Action                   || total
-------------------------++-------
Melee: Short sword       ||     1
       Dagger            ||    27
 Cast: Magic Dart        ||    91
       Repel Missiles    ||     1
  Use: Scroll            ||    14
       Potion            ||     2
 Stab: Sleeping          ||     2
Armor: Robe              ||     1
Dodge: Dodged            ||    21
       Deflected         ||     2
